 Dungeon Crawl Stone Soup version 0.30.0-29-ga12c61a403 (webtiles) character file.

Game seed: 5650596903594193543

399 seaoflcl the Slasher (level 7, 0/78 HPs)
             Began as a Human Fighter on June 4, 2023.
             Slain by a gnoll
             ... wielding a +0 spear
             ... led by a gnoll sergeant
              (4 damage)
             ... on level 5 of the Dungeon.
             The game lasted 00:06:56 (4075 turns).

seaoflcl the Slasher (Human Fighter)                Turns: 4075, Time: 00:06:57

Health: 0/78       AC: 23    Str: 18    XL:     7   Next: 10%
Magic:  7/7        EV:  2    Int:  8    God:
Gold:   242        SH:  4    Dex: 13    Spells: 6/6 levels left

rFire   + . .        a - +0 long sword
rCold   x . .        c - +0 buckler
rNeg    . . .        b - melded +0 scale mail
rPois   +            (helmet currently unavailable)
rElec   .            z - melded +1 cloak
rCorr   .            (gloves currently unavailable)
SInv    .            (boots currently unavailable)
Will    .....        e - amulet of faith
Stlth   +            A - ring of poison resistance
HPRegen 0.33/turn    u - ring of fire
MPRegen 0.10/turn

%: faith
@: mighty, lethally poisoned (0 -> -6), tree-form (expiring)
A: stationary, stasis, torment immunity, boosted hp
a: no special abilities


You were on level 5 of the Dungeon.
You were a tree.
You visited 1 branch of the dungeon, and saw 5 of its levels.

You collected 242 gold pieces.

Inventory:

Hand Weapons
 a - a +0 long sword (weapon)
 r - a +2 dagger of venom
Armour
 b - a +0 scale mail (melded)
 c - a +0 buckler (worn)
 z - a +1 cloak (melded)
Jewellery
 e - an amulet of faith (around neck)
 h - a ring of ice
 u - a ring of fire (right branch)
 A - a ring of poison resistance (left branch)
 B - a ring of see invisible
Wands
 D - a wand of digging (2)
Scrolls
 f - a scroll of enchant weapon {unknown}
 l - 2 scrolls of noise {unknown}
 p - a scroll of enchant armour {unknown}
 q - 2 scrolls of amnesia {unknown}
 s - 5 scrolls of identify {unknown}
 v - a scroll of vulnerability {unknown}
 x - a scroll of teleportation {unknown}
 y - a scroll of poison {unknown}
 C - a scroll of torment {unknown}
Potions
 i - a potion of degeneration {unknown}
 m - 3 potions of lignification
 n - a potion of resistance {unknown}
 o - 2 potions of flight
 t - a potion of attraction {unknown}
 w - 2 potions of curing {unknown}


   Skills:
 - Level 3.0 Fighting
 * Level 7.0 Long Blades
 - Level 3.0 Armour
 - Level 3.0 Shields


You had 6 spell levels left.
You didn't know any spells.
Your spell library contained the following spells:

 Spells                   Type           Power      Damage    Failure   Level
 Inner Flame              Hex/Fire       0%         N/A       86%         3
 Cause Fear               Hex            0%         N/A       99%         4
 Yara's Violent Unravell  Hex/Tmut       0%         3d3       100%        5
 Dragon Form              Tmut           0%         N/A       100%        7
 Enfeeble                 Hex            0%         N/A       100%        7
 Dragon's Call            Summ           0%         N/A       100%        9


Dungeon Overview and Level Annotations

Branches:
Dungeon (5/15)
 Temple: D:4-7

Altars:

Shops:
D:2 (


Message History

You feel sick. You block the gnoll sergeant's attack.
The gnoll hits you but does no damage.
You hear the hiss of an avalanche of sand nearby.
You feel sick. You block the gnoll sergeant's attack.
The gnoll hits you from afar with a +0 spear.
You feel sick. The gnoll sergeant barely misses you.
The gnoll hits you but does no damage.
You feel sick.
You are no longer poisoned.
The gnoll sergeant throws a stone.
The stone hits you. The gnoll hits you but does no damage.
You block the gnoll sergeant's attack.
The gnoll hits you from afar with a +0 spear.
The gnoll sergeant hits you but does no damage.
You block the gnoll's attack.
Your transformation is almost over.
The gnoll sergeant hits you from afar with a +2 trident of venom!
* * * LOW HITPOINT WARNING * * *
You are poisoned.
You block the gnoll's attack.
You feel sick.
The gnoll sergeant hits you but does no damage.
You block the gnoll's attack.
You feel sick.
The gnoll sergeant hits you from afar with a +2 trident of venom.
* * * LOW HITPOINT WARNING * * *
You are lethally poisoned!
The gnoll hits you but does no damage.
* * * LOW HITPOINT WARNING * * *
You feel very sick. You block the gnoll sergeant's attack.
The gnoll hits you but does no damage.
* * * LOW HITPOINT WARNING * * *
You feel very sick.
The gnoll sergeant hits you but does no damage.
The gnoll hits you but does no damage.
* * * LOW HITPOINT WARNING * * *
You feel sick.
The gnoll sergeant hits you but does no damage.
The gnoll hits you from afar with a +0 spear.
You die...

#.#.#............... ..#
#......#########.### S.
###................#
##.#######.#..#####.###.#
#((........#....).......#
.S..#####.#...####.#####
#........#)..# #... .
#####..#####.#...#
########
.......gg)♣......###.....#
##..|.)Sg.#####..#.#.###.#
#.######## #..#.#.# #.#
#..#<#.# #.#
########..#.#.# #.#
#.........#...# #.#
##.##.....##### #.#
#.##.....# #.# #[##.....#
#.##


You could see a gnoll sergeant, 2 gnolls and an adder.

Vanquished Creatures
  A scorpion (D:5)
  A howler monkey (D:4)
  2 hounds
  Crazy Yiuf (D:3)
  A jelly (D:4)
  4 gnolls (D:5)
  4 adders
  2 shadow imps
  3 ufetubi
  A worm (D:2)
  2 dart slugs
  2 orcs (D:3)
  5 bats
  10 endoplasms
  3 giant cockroaches (D:2)
  5 goblins
  6 hobgoblins
  2 jackals (D:1)
  6 kobolds
  6 quokkas
  5 ball pythons
  2 frilled lizards
  5 rats
79 creatures vanquished.

Notes
Turn   | Place    | Note
-------+----------+-------------------------------------------
     0 | D:1      | seaoflcl the Human Fighter began the quest for the Orb.
     0 | D:1      | Reached XP level 1. HP: 18/18 MP: 1/1
   173 | D:1      | Reached XP level 2. HP: 24/24 MP: 2/2
   244 | D:1      | Reached skill level 3 in Long Blades
   348 | D:1      | Reached XP level 3. HP: 29/29 MP: 3/3
   511 | D:2      | Found Hottoirch's Weapon Emporium.
  1282 | D:2      | Reached skill level 4 in Long Blades
  1282 | D:2      | Reached XP level 4. HP: 13/35 MP: 4/4
  1541 | D:3      | Found a faded altar of an unknown god.
  1912 | D:3      | Found a runed translucent door.
  1913 | D:3      | Noticed Crazy Yiuf
  1920 | D:3      | Killed Crazy Yiuf
  2126 | D:3      | Reached XP level 5. HP: 41/41 MP: 5/5
  2472 | D:4      | Reached skill level 5 in Long Blades
  2560 | D:4      | Reached XP level 6. HP: 42/47 MP: 6/6
  2956 | D:4      | Reached skill level 6 in Long Blades
  3821 | D:5      | Entered Level 5 of the Dungeon
  3990 | D:5      | Reached XP level 7. HP: 46/52 MP: 7/7
  4008 | D:5      | Reached skill level 7 in Long Blades
  4075 | D:5      | Slain by a gnoll

Illustrated notes

Levels and vault maps discovered:
D:1:      shiori_shiawase, layout_rooms, kennysheep_pointless_box
D:2:      layout_loops_corners, serial_shops, shop, st_stairs_10,
          minmay_randomly_rotated_circles
D:3:      layout_loops_ring, nicolae_ecumenical_oubliette,
          uniq_crazy_yiuf_cottage
D:4:      layout_loops_cross, serial_co_window_serial, co_window_paths_b,
          co_window_paths_b, co_window_paths_a, co_window_paths_a,
          co_window_paths_a, co_window_paths_b, co_window_of_opportunity_a,
          co_window_cross_2, co_window_corner_ca, co_window_2corner,
          co_window_corner_b, co_window_broadway_c, co_window_of_opportunity_b,
          co_window_2corner, co_window_paths_e, co_window_sun, glass_columns_a,
          glass_columns_c, glass_columns_a, glass_columns_b, glass_columns_b,
          kennysheep_generic_room_13
D:5:      layout_basic, mainiacjoe_overflow_alcove_1,
          nicolae_ossuary_entry_ruins, uniq_prince_ribbit1

Skill      XL: |  1  2  3  4  5  6  7 |
---------------+----------------------+-----
Long Blades    | 3 4 5 6 7 |  7.0
Fighting       | |  3.0
Armour         | |  3.0
Shields        | |  3.0

Action                     |  1- 3 |  4- 6 |  7- 9 || total
---------------------------+-------+-------+-------++-------
  Melee: Long sword        |   115 |   188 |    19 ||   322
  Throw: Dart              |       |       |     3 ||     3
         Javelin           |       |       |     2 ||     2
    Use: Potion            |       |       |     5 ||     5
 Armour: Scale mail        |    71 |    89 |     3 ||   163
         Skin              |       |       |    22 ||    22
  Dodge: Dodged            |    53 |    85 |    10 ||   148
  Block: Buckler           |    27 |    48 |    19 ||    94
